 Dungeon Crawl Stone Soup version 0.20-a0-623-gaf3b657 (webtiles) character file.

35350 M4edhros the Covert (level 13, -16/80 HPs)
             Began as an Octopode Artificer on Feb 10, 2017.
             Was the Champion of Fedhas.
             Demolished by an orc warrior
             ... wielding a +0 trident
              (30 damage)
             ... while paralysed by an orc sorcerer
             ... on level 2 of the Orcish Mines.
             The game lasted 00:41:10 (18901 turns).

M4edhros the Covert (Octopode Artificer)           Turns: 18901, Time: 00:41:10

Health: -16/80     AC:  3    Str:  9 (12) XL:     13   Next: 83%
Magic:  0/22       EV:  2    Int: 13 (15) God:    Fedhas [******]
Gold:   1121       SH:  0    Dex: 15 (16) Spells: 7/18 levels left

rFire    . . .     SeeInvis .   x - +8 hunting sling of Icits {venom, +Blink Str+3}
rCold    + . .     Gourm    .   C - +2 buckler
rNeg     . . .     Faith    .   (helmet restricted)
rPois    +         Spirit   +   w - amulet of guardian spirit
rElec    .         Reflect  .   o - ring of protection from magic
rCorr    +         Harm     .   B - ring of poison resistance
MR       +....     Rnd*Tele +   h - ring of resist corrosion
Stlth    ++++++....             (no ring)
Regen    0.3/turn               (no ring)
                                (no ring)
                                (no ring)
                                (no ring)

@: paralysed
A: almost no armour, stealthy swim, amphibious, 8 rings, constrict 8, tentacle
spike 1, icy blue scales 1, camouflage 1, clever 1, clumsy 1, cold resistance 1,
deterioration 1, frail 1, high mp 1, teleportitis 1, weak 1, gelatinous body 1
a: Fungal Bloom, Evolution, Sunlight, Growth, Reproduction, Rain, Renounce
Religion, Evoke Blink


You were on level 2 of the Orcish Mines.
You worshipped Fedhas.
Fedhas was exalted by your worship.
You were very hungry.

You visited 3 branches of the dungeon, and saw 17 of its levels.
You also visited: Ossuary.

You collected 1752 gold pieces.
You spent 631 gold pieces at shops.

Inventory:

Hand Weapons
 q - a +1 trident of flaming
 x - the +8 hunting sling of Icits (weapon) {venom, +Blink Str+3}
   (You bought it in a shop on level 8 of the Dungeon)

   It poisons the ammo it fires.
   It affects your strength (+3).
   It lets you blink.
 A - a +4 fustibalus
 D - the +2 flail of Viki {freeze, Int+4}
   (You found it on level 8 of the Dungeon)

   It has been specially enchanted to freeze those struck by it, causing extra
   injury to most foes and up to half again as much damage against particularly
   susceptible opponents.
   It can also slow down cold-blooded creatures.
   It affects your intelligence (+4).
 U - a +2 dagger of speed
Missiles
 m - 84 sling bullets
 r - 332 stones (quivered)
Armour
 C - a +2 buckler (worn)
 G - the +10 large shield of Ignorance {rN+ Int-4}
   (You found it on level 1 of the Orcish Mines)

   It affects your intelligence (-4).
   It protects you from negative energy.
Jewellery
 h - a ring of resist corrosion (on tentacle)
 o - a ring of protection from magic (left tentacle)
 w - an amulet of guardian spirit (around mantle)
 B - a ring of poison resistance (right tentacle)
 H - an uncursed amulet of regeneration {unknown}
Wands
 d - a wand of random effects (11/48)
 f - a wand of iceblast (0/15)
 n - a wand of flame (5/48)
 I - a wand of enslavement (8/24)
 N - a wand of random effects (9/48)
 O - a wand of polymorph (19/24)
 R - a wand of clouds (0/9)
 V - a wand of clouds (6/9)
 X - a wand of paralysis (5/24)
Scrolls
 e - 6 scrolls of remove curse
 g - 2 scrolls of enchant armour
 i - 3 scrolls of fog
 j - 7 scrolls of teleportation
 k - 5 scrolls of amnesia
 P - 2 scrolls of blinking
Potions
 t - 2 potions of cancellation
 u - 2 potions of magic
 v - 3 potions of curing
 z - 3 potions of might
 E - 4 potions of berserk rage
 F - 2 potions of haste
 L - 2 potions of agility
 W - 3 potions of brilliance {unknown}
Books
 c - a book of Flames

   Spells                             Type                      Level
   a - Flame Tongue                   Conjuration/Fire             1
   b - Throw Flame                    Conjuration/Fire             2
   c - Conjure Flame                  Conjuration/Fire             3
   d - Inner Flame                    Hexes/Fire                   3
   e - Sticky Flame                   Conjuration/Fire             4
   f - Fireball                       Conjuration/Fire             5
 s - a book of Minor Magic

   Spells                             Type                      Level
   a - Magic Dart                     Conjuration                  1
   b - Blink                          Translocation                2
   c - Call Imp                       Summoning                    2
   d - Slow                           Hexes                        2
   e - Conjure Flame                  Conjuration/Fire             3
   f - Mephitic Cloud                 Conjuration/Poison/Air       3
 y - a book of Cantrips

   Spells                             Type                      Level
   a - Confusing Touch                Hexes                        1
   b - Animate Skeleton               Necromancy                   1
   c - Summon Small Mammal            Summoning                    1
   d - Apportation                    Translocation                1
 T - a Young Poisoner's Handbook

   Spells                             Type                      Level
   a - Sting                          Conjuration/Poison           1
   b - Poisonous Vapours              Poison/Air                   2
   c - Mephitic Cloud                 Conjuration/Poison/Air       3
   d - Olgreb's Toxic Radiance        Poison                       4
   e - Venom Bolt                     Conjuration/Poison           5
 Y - a book of Frost

   Spells                             Type                      Level
   a - Freeze                         Ice                          1
   b - Throw Frost                    Conjuration/Ice              2
   c - Ozocubu's Armour               Charms/Ice                   3
   d - Throw Icicle                   Conjuration/Ice              4
   e - Summon Ice Beast               Ice/Summoning                4
Miscellaneous
 S - a fan of gales (inert)
Comestibles
 l - 17 fruits
 p - 4 meat rations
 M - 3 royal jellies


   Skills:
 + Level 8.7 Fighting
 - Level 1.0 Short Blades
 * Level 12.3 Slings
 + Level 8.8 Dodging
 - Level 13.1 Stealth
 * Level 4.6 Shields
 - Level 3.0 Spellcasting
 - Level 2.2 Conjurations
 - Level 4.3 Air Magic
 - Level 4.7 Poison Magic
 + Level 9.8 Invocations
 - Level 3.2 Evocations


You had 7 spell levels left.
You knew the following spells:

 Your Spells              Type           Power        Failure   Level  Hunger
a - Mephitic Cloud        Conj/Pois/Air  ##......     14%         3    ###....
b - Olgreb's Toxic Radia  Pois           ##......     34%         4    #####..
c - Sticky Flame          Conj/Fire      #.......     98%         4    #####..


Dungeon Overview and Level Annotations

Branches:
Dungeon (14/15)            Temple (1/1) D:5            Lair (0/6) D:9
    Orc (2/2) D:9          Vaults (0/5) D:14
    Elf: Orc:2

Altars:
Ashenzari
Cheibriados
Dithmenos
Elyvilon
Fedhas
Gozag
Hepliaklqana
Kikubaaqudgha
Makhleb
Nemelex Xobeh
Okawaru
Qazlal
Ru
Sif Muna
Trog
Uskayaw
Vehumet
Xom
Yredelemnul
Zin
The Shining One

Shops:
D:4 !(   D:8 (!!=   D:10 [   D:12 [

Annotations:
D:14 Rupert
Orc:1 1 runed door, exclusion: 4 orange crystal statues


Innate Abilities, Weirdness & Mutations

You cannot wear most types of armour.
You are very stealthy in the water. (Stealth+)
You are amphibious.
You can wear up to eight rings at the same time.
You can use your tentacles to constrict eight enemies at once.
Your skin changes colour to match your surroundings (Stealth+).
Your rubbery body absorbs attacks. (AC +1, EV +1)
One of your tentacles bears a spike.
You are partially covered in icy blue scales. (AC +2)
Your mind is acute. (Int +2)
You are clumsy. (Dex -2)
Your flesh is cold resistant. (rC+)
Your body sometimes deteriorates upon taking damage.
You are frail. (-10% HP)
You have an increased reservoir of magic. (+10% MP)
You are occasionally teleported next to monsters.
You are weak. (Str -2)


Message History

The orc warrior hits you from afar with a trident!
An orc warrior comes into view. It is wielding a war axe.
The orc warrior hits you from afar with a halberd!
The orc wizard casts a spell.
The orc wizard flickers and vanishes!
Deactivating autopickup; reactivate with Ctrl-A.
The orc hits you with a hand axe.
The orc warrior hits you from afar with a trident!
The orc knight roars a battlecry!
The orc sorcerer goes into a battle-frenzy!
The orc warrior hits you from afar with a halberd!!
* * * LOW HITPOINT WARNING * * *
The orc hits you with a flail.
* * * LOW HITPOINT WARNING * * *
The orc warrior shouts!
An orc comes into view. It is wielding a dagger.
The orc shouts!
You hear a shout!
The orc warrior hits you from afar with a trident!!
You die...
Fedhas appreciates your contribution to the ecosystem.

...... ####
..... ####$..
.... ##
......
...#...
###....#.....
..o..o...4.
....ooooo#
....oo.@.#
.....o..##
o.....###
...... .#.#.
.. .# . .# ..


You could see an orc knight, an orc sorcerer, a red devil, 3 orc warriors, an
orc priest, an orc wizard and 4 orcs.

Vanquished Creatures
  Josephine (D:12)
  2 vault guards (D:14)
  5 two-headed ogres
  2 tengu warriors (D:14)
  Urug (D:13)
  An orc high priest (Orc:1)
  Nergalle (D:12)
  An unseen horror (D:11)
  A deep elf mage (D:13)
  A wizard (D:14)
  2 orc knights (D:14)
  An orc sorcerer (Orc:1)
  4 cyclopes
  3 manticores
  An ugly thing (D:13)
  Maurice (D:10)
  3 gargoyles
  A kobold demonologist (Orc:1)
  A yaktaur (shapeshifter) (D:13)
  A tengu conjurer (D:14)
  5 hornets
  4 trolls
  Prince Ribbit (D:5)
  2 hippogriffs
  Sigmund (D:5)
  A wyvern (D:9)
  2 shadows (D:14)
  20 yaks
  3 wraiths (D:12)
  3 hungry ghosts
  A basilisk (D:14)
  3 vampire mosquitoes
  2 soldier ants
  2 water moccasins
  13 orc warriors
  2 black bears
  2 phantoms
  3 sky beasts
  2 ice beasts (D:10)
  A slave (D:6)
  8 ogres
  A crocodile (D:9)
  6 centaurs
  19 big kobolds
  16 bullfrogs
  3 wyvern skeletons
  4 scorpions
  6 killer bees (D:12)
  7 wights
  2 electric eels (D:11)
  6 howler monkeys
  7 crimson imps
  5 jellies
  7 hounds
  2 quasits
  A bullfrog zombie (D:13)
  12 orc priests
  3 centaur skeletons
  4 bullfrog skeletons
  15 orc wizards
  5 iguanas
  12 worker ants
  A hound skeleton (D:10)
  6 mummies (Ossuary)
  A howler monkey skeleton (D:10)
  13 adders
  5 shadow imps
  An adder skeleton (D:5)
  4 worms
  2 dart slugs
  6 leopard geckos
  53 orcs
  6 bats
  5 giant cockroaches
  5 goblins
  8 hobgoblins
  6 jackals
  19 kobolds
  7 quokkas
  6 ball pythons
  8 frilled lizards
  A gnoll skeleton (Ossuary)
  2 hobgoblin skeletons (Ossuary)
  2 jackal skeletons
  3 kobold skeletons (Ossuary)
  An orc skeleton (Ossuary)
  A quokka skeleton (D:5)
  A quokka zombie (D:8)
  8 rats
  A ballistomycete spore (D:12)
  A butterfly (D:5)
441 creatures vanquished.

Vanquished Creatures (collateral kills)
  A centaur warrior (D:14)
  A two-headed ogre (D:8)
  Pikel (D:6)
  A manticore (D:12)
  A centaur skeleton (D:13)
  A komodo dragon (D:12)
  A troll (D:13)
  A wyvern (D:13)
  4 yaks
  A hungry ghost (D:11)
  2 vampire mosquitoes (D:13)
  A sky beast (D:6)
  An ogre (D:4)
  A wyvern skeleton (D:11)
  A bullfrog zombie (D:13)
  A hound (D:13)
  2 orc wizards
  A hound skeleton (D:6)
  A mummy (Ossuary)
  2 leopard geckos
  5 orcs
  2 kobolds (D:7)
  A ball python skeleton (D:5)
  A gnoll skeleton (Ossuary)
  4 ballistomycete spores
39 creatures vanquished.

Vanquished Creatures (others)
  A wolf spider zombie (D:14)
  A yak (D:5)
  A vampire mosquito (D:13)
  A water moccasin (D:12)
  2 hornet zombies
  A necrophage (D:10)
  A mummy (Ossuary)
  A worker ant zombie (D:11)
  An adder (D:12)
  2 jackals (D:12)
  A ball python (D:12)
  9 wandering mushrooms
  8 ballistomycetes
  7 ballistomycete spores (D:12)
  A plant (D:12)
  372 toadstools
410 creatures vanquished.

Grand Total: 890 creatures vanquished

Notes
Turn   | Place    | Note
-------+----------+-------------------------------------------
     0 | D:1      | M4edhros the Octopode Artificer began the quest for the Orb.
     0 | D:1      | Reached XP level 1. HP: 13/13 MP: 3/3
   178 | D:2      | Reached skill level 2 in Stealth
   213 | D:2      | Reached skill level 3 in Stealth
   213 | D:2      | Reached XP level 2. HP: 15/18 MP: 4/4
   363 | D:3      | Reached skill level 4 in Stealth
   375 | D:3      | Reached XP level 3. HP: 18/23 MP: 5/5
   659 | D:4      | Found an ancient bone altar of Kikubaaqudgha.
   721 | D:4      | Found Opleben's Distillery.
   823 | D:4      | Reached skill level 5 in Stealth
   870 | D:4      | Found Cuotimus's Antique Weapon Shop.
   911 | D:4      | Reached XP level 4. HP: 19/28 MP: 6/6
   966 | D:4      | Reached skill level 6 in Stealth
   999 | D:4      | Noticed an ogre
  1166 | D:4      | Reached skill level 7 in Stealth
  1166 | D:4      | Reached XP level 5. HP: 33/33 MP: 7/7
  1187 | D:5      | Entered Level 5 of the Dungeon
  1197 | D:5      | Found a staircase to the Ecumenical Temple.
  1207 | Temple   | Entered the Ecumenical Temple
  1216 | Temple   | Became a worshipper of Xom of Chaos
  2688 | Temple   | XOM is BORED!
  2688 | Temple   | XOM: noise
  2730 | Temple   | XOM: god gift: 17 gold pieces
  3482 | Temple   | XOM: mild Divn miscast
  3560 | Temple   | XOM: mild Air miscast
  3756 | Temple   | XOM is BORED!
  3756 | Temple   | XOM: medium Conj miscast
  3955 | Temple   | Fell from the grace of Xom
  3955 | Temple   | Became a worshipper of Fedhas Madash
  4250 | D:2      | XOM: give mutations
  4250 | D:2      | Gained mutation: One of your tentacles bears a spike. [Xom's grace]
  4250 | D:2      | Gained mutation: You can translocate small distances at will. [Xom's grace]
  4250 | D:2      | Gained mutation: You are agile. (Dex +2) [Xom's grace]
  4250 | D:2      | Gained mutation: You are very agile. (Dex +4) [Xom's grace]
  4499 | D:2      | XOM: medium Conj miscast
  4969 | D:1      | Reached skill level 1 in Slings
  5176 | D:1      | Reached XP level 6. HP: 35/38 MP: 8/8
  5407 | D:2      | XOM: summons 3 hostile demons
  5567 | D:2      | Reached * piety under Fedhas
  5985 | D:3      | XOM: give mutations
  5985 | D:3      | Gained mutation: Your body sometimes deteriorates upon taking damage. [Xom's mischief]
  5985 | D:3      | Gained mutation: You are weak. (Str -2) [Xom's mischief]
  5985 | D:3      | Lost mutation: One of your tentacles bears a spike. [Xom's mischief]
  5985 | D:3      | Lost mutation: You are very agile. (Dex +4) [Xom's mischief]
  6124 | D:3      | Reached skill level 8 in Stealth
  6161 | D:3      | XOM: noise
  6378 | D:5      | Noticed a yak
  6379 | D:5      | Noticed a yak
  6381 | D:5      | Noticed a yak
  6381 | D:5      | Noticed a yak
  6381 | D:5      | Noticed a yak
  6387 | D:5      | Noticed a yak
  6391 | D:5      | Killed a yak
  6391 | D:5      | Reached skill level 1 in Invocations
  6396 | D:5      | Killed a yak
  6396 | D:5      | Reached XP level 7. HP: 31/45 MP: 9/9
  6398 | D:5      | Killed a yak
  6399 | D:5      | Killed a yak
  6409 | D:5      | Killed a yak
  6410 | D:5      | Reached ** piety under Fedhas
  6470 | D:5      | XOM: polymorph wandering mushroom -> wandering mushroom
  6630 | D:5      | Noticed Sigmund
  6658 | D:5      | Killed Sigmund
  6658 | D:5      | Reached XP level 8. HP: 16/51 MP: 7/10
  6867 | D:5      | XOM: cloud trail
  6875 | D:5      | Noticed Prince Ribbit
  6882 | D:5      | Killed Prince Ribbit
  6882 | D:5      | Reached skill level 9 in Stealth
  6908 | D:5      | Found an opulent altar of Gozag.
  7303 | D:5      | XOM: medium Divn miscast
  8161 | D:6      | Reached skill level 5 in Slings
  8192 | D:6      | Found a shattered altar of Ashenzari.
  8217 | D:6      | Found a sand-covered staircase.
  8222 | Ossuary  | XOM: noise
  8222 | Ossuary  | Entered an ossuary
  8231 | Ossuary  | Reached *** piety under Fedhas
  8815 | D:6      | Found a burning altar of Makhleb.
  8894 | D:6      | Reached XP level 9. HP: 58/58 MP: 12/12
  8999 | D:6      | Noticed Pikel
  9009 | D:6      | Killed Pikel
  9009 | D:6      | Reached skill level 10 in Stealth
  9009 | D:6      | Reached skill level 1 in Shields
  9011 | D:6      | XOM: noise
  9435 | D:7      | XOM: mild Tmut miscast
  9490 | D:7      | Found a bloodstained altar of Trog.
  9588 | D:7      | XOM: mild Ice miscast
  9788 | D:7      | Reached skill level 5 in Invocations
 10102 | D:8      | Found Yculor's Distillery.
 10106 | D:8      | Bought a potion of mutation for 88 gold pieces
 10106 | D:8      | Lost mutation: You are weak. (Str -2) [potion of mutation]
 10106 | D:8      | Lost mutation: Your body sometimes deteriorates upon taking damage. [potion of mutation]
 10106 | D:8      | Lost mutation: You can translocate small distances at will. [potion of mutation]
 10106 | D:8      | Lost mutation: You are agile. (Dex +2) [potion of mutation]
 10106 | D:8      | Gained mutation: Your system is resistant to poisons. (rPois) [potion of mutation]
 10106 | D:8      | Gained mutation: You are weak. (Str -2) [potion of mutation]
 10106 | D:8      | Gained mutation: You are very weak. (Str -4) [potion of mutation]
 10106 | D:8      | Gained mutation: You are robust. (+10% HP) [potion of mutation]
 10107 | D:8      | Lost mutation: Your system is resistant to poisons. (rPois) [potion of mutation]
 10107 | D:8      | Lost mutation: You are very weak. (Str -4) [potion of mutation]
 10107 | D:8      | Lost mutation: You are weak. (Str -2) [potion of mutation]
 10107 | D:8      | Lost mutation: You are robust. (+10% HP) [potion of mutation]
 10107 | D:8      | Gained mutation: Your magical capacity is low. (-10% MP) [potion of mutation]
 10107 | D:8      | Gained mutation: You are partially covered in large bone plates. (SH +4) [potion of mutation]
 10108 | D:8      | Lost mutation: Your magical capacity is low. (-10% MP) [potion of mutation]
 10108 | D:8      | Lost mutation: You are partially covered in large bone plates. (SH +4) [potion of mutation]
 10108 | D:8      | Gained mutation: Your spells are a little harder to cast, but a little more powerful. [potion of mutation]
 10108 | D:8      | Gained mutation: Your muscles are strong. (Str +2) [potion of mutation]
 10108 | D:8      | Gained mutation: You have a pair of small antennae on your head. [potion of mutation]
 10109 | D:8      | Lost mutation: Your muscles are strong. (Str +2) [potion of mutation]
 10109 | D:8      | Lost mutation: You have a pair of small antennae on your head. [potion of mutation]
 10109 | D:8      | Lost mutation: Your spells are a little harder to cast, but a little more powerful. [potion of mutation]
 10109 | D:8      | Gained mutation: One of your tentacles bears a spike. [potion of mutation]
 10109 | D:8      | Gained mutation: You are frail. (-10% HP) [potion of mutation]
 10109 | D:8      | Gained mutation: You are dopey. (Int -2) [potion of mutation]
 10109 | D:8      | Gained mutation: Your flesh is cold resistant. (rC+) [potion of mutation]
 10110 | D:8      | Lost mutation: You are dopey. (Int -2) [potion of mutation]
 10110 | D:8      | Lost mutation: You are frail. (-10% HP) [potion of mutation]
 10110 | D:8      | Lost mutation: One of your tentacles bears a spike. [potion of mutation]
 10110 | D:8      | Lost mutation: Your flesh is cold resistant. (rC+) [potion of mutation]
 10110 | D:8      | Gained mutation: Your muscles are strong. (Str +2) [potion of mutation]
 10110 | D:8      | Lost mutation: Your muscles are strong. (Str +2) [potion of mutation]
 10110 | D:8      | Gained mutation: You are covered in fur. (AC +1) [potion of mutation]
 10111 | D:8      | Bought a potion of mutation for 88 gold pieces
 10111 | D:8      | Bought a potion of mutation for 88 gold pieces
 10111 | D:8      | Lost mutation: You are covered in fur. (AC +1) [potion of mutation]
 10111 | D:8      | Gained mutation: Your muscles are strong. (Str +2) [potion of mutation]
 10111 | D:8      | Gained mutation: Your magical capacity is low. (-10% MP) [potion of mutation]
 10111 | D:8      | Gained mutation: You possess an exceptional clarity of mind. [potion of mutation]
 10111 | D:8      | Gained mutation: You can translocate small distances at will. [potion of mutation]
 10112 | D:8      | Lost mutation: Your magical capacity is low. (-10% MP) [potion of mutation]
 10112 | D:8      | Lost mutation: Your muscles are strong. (Str +2) [potion of mutation]
 10112 | D:8      | Lost mutation: You possess an exceptional clarity of mind. [potion of mutation]
 10112 | D:8      | Lost mutation: You can translocate small distances at will. [potion of mutation]
 10112 | D:8      | Gained mutation: You are robust. (+10% HP) [potion of mutation]
 10112 | D:8      | Gained mutation: You possess an exceptional clarity of mind. [potion of mutation]
 10113 | D:8      | Bought a potion of heal wounds for 55 gold pieces
 10266 | D:4      | Bought a glowing trident for 143 gold pieces
 10348 | D:8      | Found a deep blue altar of Sif Muna.
 10349 | D:8      | Noticed a two-headed ogre
 10357 | D:8      | Killed a two-headed ogre
 10357 | D:8      | Reached skill level 5 in Dodging
 10387 | D:8      | Gained mutation: You are very robust. (+20% HP) [mutagenic meat]
 10388 | D:8      | Gained mutation: You expend magic power (3 MP) to strengthen your wands. [mutagenic meat]
 10389 | D:8      | Lost mutation: You expend magic power (3 MP) to strengthen your wands. [mutagenic meat]
 10390 | D:8      | Gained mutation: One of your tentacles bears a spike. [mutagenic meat]
 10391 | D:8      | Lost mutation: You are very robust. (+20% HP) [mutagenic meat]
 10392 | D:8      | Lost mutation: You possess an exceptional clarity of mind. [mutagenic meat]
 10408 | D:8      | Reached XP level 10. HP: 54/71 MP: 11/14
 10417 | D:8      | Reached **** piety under Fedhas
 10488 | D:8      | XOM: harmless Summ miscast
 10492 | D:8      | Reached skill level 5 in Fighting
 10508 | D:8      | Found a hazy altar of Hepliaklqana.
 10522 | D:8      | Found Ahinekk's Antique Weapon Emporium.
 10526 | D:8      | XOM: harmless Summ miscast
 10533 | D:8      | Bought a crystal hunting sling for 169 gold pieces
 10533 | D:8      | Identified the +8 hunting sling of Icits {venom, +Blink Str+3} (You bought it in a shop on level 8 of the Dungeon)
 10542 | D:8      | Found a radiant altar of Vehumet.
 10612 | D:8      | Found a snail-covered altar of Cheibriados.
 10622 | D:8      | Got a bloodstained flail
 10623 | D:8      | Identified the +2 flail of Viki {freeze, Int+4} (You found it on level 8 of the Dungeon)
 10665 | D:8      | Lost mutation: One of your tentacles bears a spike. [potion of mutation]
 10665 | D:8      | Lost mutation: You are robust. (+10% HP) [potion of mutation]
 10665 | D:8      | Gained mutation: You occasionally shout uncontrollably at your foes. [potion of mutation]
 10665 | D:8      | Gained mutation: Your system is resistant to poisons. (rPois) [potion of mutation]
 10666 | D:8      | Lost mutation: Your system is resistant to poisons. (rPois) [potion of mutation]
 10666 | D:8      | Lost mutation: You occasionally shout uncontrollably at your foes. [potion of mutation]
 10666 | D:8      | Gained mutation: Your system is resistant to poisons. (rPois) [potion of mutation]
 10666 | D:8      | Gained mutation: Your body sometimes deteriorates upon taking damage. [potion of mutation]
 10666 | D:8      | Gained mutation: You are partially covered in thin metallic scales. (AC +2) [potion of mutation]
 10787 | D:8      | XOM: silly message
 10922 | D:8      | Found Feogaj's Jewellery Shoppe.
 11059 | D:8      | Found Tadit's Distillery.
 11189 | D:9      | Found a glowing golden altar of the Shining One.
 11247 | D:9      | Found a basalt altar of Yredelemnul.
 11319 | D:9      | Reached skill level 11 in Stealth
 11327 | D:9      | Found a staircase to the Orcish Mines.
 11504 | D:9      | Found a shadowy altar of Dithmenos.
 11509 | D:9      | XOM: divination: magic mapping
 11730 | D:9      | Found a staircase to the Lair.
 12374 | D:10     | Entered Level 10 of the Dungeon
 12454 | D:10     | Found Jiops's Antique Armour Shop.
 12524 | D:10     | Noticed Maurice
 12538 | D:10     | Killed Maurice
 12571 | D:10     | Reached XP level 11. HP: 57/72 MP: 15/15
 12623 | D:10     | Lost mutation: Your system is resistant to poisons. (rPois) [potion of mutation]
 12623 | D:10     | Lost mutation: Your body sometimes deteriorates upon taking damage. [potion of mutation]
 12623 | D:10     | Lost mutation: You are partially covered in thin metallic scales. (AC +2) [potion of mutation]
 12623 | D:10     | Gained mutation: You have an increased reservoir of magic. (+10% MP) [potion of mutation]
 12623 | D:10     | Gained mutation: You possess an exceptional clarity of mind. [potion of mutation]
 12814 | D:10     | Reached ***** piety under Fedhas
 12876 | D:10     | XOM: noise
 13513 | D:11     | Noticed a manticore
 13555 | D:11     | Killed a manticore
 13587 | D:11     | Noticed a manticore
 13596 | D:11     | Killed a manticore
 13641 | D:11     | XOM: god gift: 10 stones
 13669 | D:11     | Reached skill level 12 in Stealth
 13807 | D:11     | Noticed a two-headed ogre
 13818 | D:11     | Killed a two-headed ogre
 13855 | D:11     | Noticed an unseen horror
 13859 | D:11     | Killed an unseen horror
 13859 | D:11     | Reached skill level 10 in Slings
 13870 | D:11     | Gained mutation: You expend magic power (3 MP) to strengthen your wands. [mutagenic meat]
 13872 | D:11     | Gained mutation: Your flesh is heat resistant. (rF+) [mutagenic meat]
 13874 | D:11     | Lost mutation: Your flesh is heat resistant. (rF+) [mutagenic meat]
 13882 | D:11     | Noticed a two-headed ogre
 13892 | D:11     | Killed a two-headed ogre
 13968 | D:11     | Noticed a cyclops
 13981 | D:11     | Killed a cyclops
 14090 | D:11     | Reached XP level 12. HP: 78/81 MP: 17/19
 14695 | D:12     | Noticed Josephine
 14700 | D:12     | Killed Josephine
 14735 | D:12     | Reached skill level 13 in Stealth
 14750 | D:12     | XOM: 1-stop teleportation journey
 14792 | D:12     | Found Wiplia's Armour Emporium.
 15250 | D:12     | Learned a level 3 spell: Mephitic Cloud
 15264 | D:12     | Lost mutation: You possess an exceptional clarity of mind. [potion of mutation]
 15264 | D:12     | Lost mutation: You expend magic power (3 MP) to strengthen your wands. [potion of mutation]
 15264 | D:12     | Gained mutation: Your flesh is cold resistant. (rC+) [potion of mutation]
 15264 | D:12     | Gained mutation: Your spells are a little easier to cast, but a little less powerful. [potion of mutation]
 15264 | D:12     | Gained mutation: Your mind is acute. (Int +2) [potion of mutation]
 15265 | D:12     | Lost mutation: Your spells are a little easier to cast, but a little less powerful. [potion of mutation]
 15265 | D:12     | Gained mutation: You are robust. (+10% HP) [potion of mutation]
 15265 | D:12     | Gained mutation: One of your tentacles bears a spike. [potion of mutation]
 15266 | D:12     | Lost mutation: One of your tentacles bears a spike. [potion of mutation]
 15266 | D:12     | Lost mutation: You are robust. (+10% HP) [potion of mutation]
 15266 | D:12     | Gained mutation: You are clumsy. (Dex -2) [potion of mutation]
 15266 | D:12     | Gained mutation: Your body sometimes deteriorates upon taking damage. [potion of mutation]
 15266 | D:12     | Gained mutation: One of your tentacles bears a spike. [potion of mutation]
 15281 | D:12     | XOM: noise
 15582 | D:12     | Noticed Nergalle
 15598 | D:12     | Killed Nergalle
 15598 | D:12     | Reached skill level 1 in Air Magic
 15598 | D:12     | Reached skill level 1 in Poison Magic
 15897 | D:13     | Found a hide-covered altar of Uskayaw.
 15897 | D:13     | Noticed Urug
 15924 | D:13     | Killed Urug
 15924 | D:13     | Reached skill level 1 in Spellcasting
 15994 | D:13     | Noticed a two-headed ogre
 16000 | D:13     | Killed a two-headed ogre
 16014 | D:13     | XOM: 1-stop teleportation journey
 16046 | D:13     | Noticed a two-headed ogre
 16054 | D:13     | Killed a two-headed ogre
 16072 | D:13     | Reached XP level 13. HP: 54/88 MP: 8/21
 16079 | D:13     | Gained mutation: You are partially covered in icy blue scales. (AC +2) [mutagenic meat]
 16080 | D:13     | Gained mutation: You are occasionally teleported next to monsters. [mutagenic meat]
 16120 | D:13     | XOM: medium Erth miscast
 16572 | D:13     | XOM: give mutations
 16572 | D:13     | Gained mutation: You are frail. (-10% HP) [Xom's mischief]
 16572 | D:13     | Gained mutation: You are weak. (Str -2) [Xom's mischief]
 16787 | D:14     | Noticed a vault guard
 16805 | D:14     | Killed a vault guard
 16848 | D:14     | Found a gate to the Vaults.
 16849 | D:14     | Noticed a vault guard
 16910 | D:14     | Noticed a vault guard
 16932 | D:14     | Killed a vault guard
 16962 | D:14     | Learned a level 4 spell: Olgreb's Toxic Radiance
 16967 | D:14     | Learned a level 4 spell: Sticky Flame
 17160 | D:14     | Noticed Rupert
 17171 | D:14     | Reached skill level 1 in Conjurations
 17745 | Orc:1    | Entered Level 1 of the Orcish Mines
 17800 | Orc:1    | XOM: scenery: create altars
 17814 | Orc:2    | Entered Level 2 of the Orcish Mines
 18084 | Orc:1    | XOM: 5-stop teleportation journey
 18084 | Orc:1    | Was forgiven by Xom
 18154 | Orc:1    | Found a runed door.
 18199 | Orc:1    | Found a runed door.
 18204 | Orc:1    | Reached ****** piety under Fedhas
 18897 | Orc:2    | Paralysed by an orc sorcerer for 5 turns
 18901 | Orc:2    | Demolished by an orc warrior

Vault maps used:
D:1:      lemuel_arrival_rhombus
D:2:      first_bread, minmay_misc_feat_chi
D:3:      kennysheep_doodads
D:4:      lemuel_crystal_altar, serial_shops, nicolae_shop_window_shopping,
          nicolae_shop_stone, shop, serial_glass, glass_columns_b,
          glass_columns_b
D:5:      grunt_gozag_breadcrumbs, minmay_temple_entry_butterflies,
          kennysheep_decorative_pillar, uniq_sigmund, uniq_prince_ribbit1
D:6:      marbit_many_paths, ashenzari_conservatory_becter,
          nicolae_ossuary_entry_ruins, uniq_pikel
D:7:      lemuel_doored_altar
D:8:      nicolae_overflow_crystal_walls, overflow_temple_1_default,
          old_standard_altar, basic_altar, serial_shops, shop, shop,
          nicolae_shop_trees, nicolae_shop_trees
D:9:      lemuel_round_altar, kennysheep_little_box, tso_oasis_becter,
          orc_david_3, hangedman_pestilent_swarm
D:10:     serial_shops, shop, uniq_maurice
D:12:     serial_shops, shop_statue, introduction_to_nature_2, uniq_nergalle,
          uniq_josephine
D:13:     basic_altar, uniq_urug
D:14:     grunt_vaults_entry_fortified, minmay_bent, uniq_rupert
Temple:   eino_wide_crystal_templ
Orc:1:    special_room, chequers_guarded_unrand_ignorance
Orc:2:    grunt_orc_tribal_feast, serial_shops, nicolae_shop_waterfront, shop,
          shop
Ossuary:  ossuary_tomb_3

Skill      XL: |  1  2  3  4  5  6  7  8  9 10 11 12 13 |
---------------+----------------------------------------+-----
Stealth        | 3 4 5 7 8 9 10 11 12 13 | 13.1
Slings         | 1 2 3 5 7 8 10 11 12 | 12.3
Invocations    | 1 2 4 5 6 8 9 |  9.8
Fighting       | 2 3 4 5 7 8 |  8.7
Dodging        | 3 4 5 6 7 8 |  8.8
Shields        | 2 4 |  4.6
Air Magic      | 3 4 |  4.3
Poison Magic   | 3 4 |  4.7
Spellcasting   | 1 3 |  3.0
Conjurations   | 2 |  2.2
Short Blades   | |  1.0
Evocations     | |  3.2

Action                   |  1- 3 |  4- 6 |  7- 9 | 10-12 | 13-15 || total
-------------------------+-------+-------+-------+-------+-------++-------
Melee: Short sword       |    54 |   108 |   158 |       |       ||   320
       Constrict         |    14 |    26 |    36 |     1 |       ||    77
       Tentacles         |    14 |    20 |    40 |     2 |       ||    76
       Kick              |       |    23 |     3 |     2 |       ||    28
       Trident           |       |       |    18 |    18 |       ||    36
       Dagger            |       |       |     4 |       |       ||     4
 Fire: Fustibalus        |       |       |    77 |       |       ||    77
       Hunting sling     |       |       |     8 |   797 |   541 ||  1346
 Cast: Mephitic Cloud    |       |       |       |       |     1 ||     1
Invok: Fungal Bloom      |       |    19 |    32 |    60 |    30 ||   141
       Evolution         |       |     1 |     2 |     6 |       ||     9
       Sunlight          |       |       |     3 |     3 |       ||     6
       Reproduction      |       |       |       |     4 |     1 ||     5
Evoke: Wand              |     3 |    12 |    19 |     4 |    13 ||    51
       Fan of gales      |       |       |       |       |     1 ||     1
  Use: Scroll            |       |       |    13 |    11 |     2 ||    26
       Potion            |       |       |    10 |     8 |     9 ||    27
 Stab: Paralysed         |     2 |       |       |       |       ||     2
       Sleeping          |     2 |    25 |    12 |     2 |       ||    41
       Betrayed ally     |       |       |     1 |       |       ||     1
       Petrified         |       |       |     3 |       |       ||     3
       Distracted        |       |       |       |     1 |       ||     1
  Eat: Chunk             |       |     2 |     6 |     5 |     3 ||    16
       Royal jelly       |       |     3 |     2 |     3 |     4 ||    12
       Bread ration      |       |     2 |     2 |     3 |       ||     7
Armor: Skin              |     5 |    13 |     6 |     5 |     5 ||    34
Dodge: Dodged            |    28 |    76 |   173 |   153 |   101 ||   531
Block: Buckler           |       |       |    55 |    69 |    44 ||   168
